 Dungeon Crawl Stone Soup version 0.28-b1-25-g9875b3fc8c (webtiles) character file.

Game seed: 10909067602929421843

114 lordive the Conjurer (level 4, -4/24 HPs)
             Began as a Tengu Conjurer on Feb 1, 2022.
             Slain by a river rat (9 damage)
             ... on level 3 of the Dungeon.
             The game lasted 00:04:39 (2789 turns).

lordive the Conjurer (Tengu Conjurer)               Turns: 2789, Time: 00:04:39

Health: -4/24      AC:  2    Str:  8    XL:     4   Next: 98%
Magic:  2/9        EV: 16    Int: 20    God:
Gold:   83         SH:  0    Dex: 12    Spells: 5/8 levels left

rFire   . . .      SeeInvis .   k - +4 mace
rCold   . . .      Faith    .   (no shield)
rNeg    . . .      Spirit   .   a - +0 robe
rPois   .          Reflect  .   (helmet restricted)
rElec   .          Harm     .   (no cloak)
rCorr   .          Rampage  .   (no gloves)
Will    .....                   (boots unavailable)
Stlth   +.........              (no amulet)
HPRegen 0.08/turn               b - +4 ring of evasion
MPRegen 0.11/turn               (no ring)

@: brilliant, very slow
A: beak, talons 3
a: no special abilities


You were on level 3 of the Dungeon.
You visited 1 branch of the dungeon, and saw 3 of its levels.

You collected 83 gold pieces.

Inventory:

Hand Weapons
 k - a +4 mace (weapon)
Armour
 a - a +0 robe (worn)
 j - a +0 leather armour
Jewellery
 b - a +4 ring of evasion (left hand)
Scrolls
 d - a scroll of brand weapon {unknown}
 e - a scroll of identify
 l - a scroll of blinking {unknown}
 m - a scroll of enchant armour {unknown}
Potions
 c - a potion of haste
 f - a potion of brilliance
 g - a potion of attraction {unknown}
 h - 2 potions of degeneration {unknown}
 i - 2 potions of curing {unknown}
 n - 2 potions of heal wounds {unknown}


   Skills:
 + Level 2.4 Dodging
 - Level 2.0 Stealth
 + Level 2.7 Spellcasting
 + Level 7.5 Conjurations


You had 5 spell levels left.
You knew the following spells:

 Your Spells              Type           Power      Damage    Failure   Level
a - Magic Dart            Conj           100%       1d8       1%          1
b - Searing Ray           Conj           98%        2d8       1%          2

Your spell library contained the following spells:

 Spells                   Type           Power      Damage    Failure   Level
 Dazzling Flash           Conj/Hex       52%        N/A       10%         3
 Fulminant Prism          Conj/Hex       13%        3d9       30%         4
 Iskenderun's Mystic Bla  Conj/Tloc      26%        2d7       30%         4


Dungeon Overview and Level Annotations

Branches:
Dungeon (3/15)

Altars:
Qazlal

Shops:
D:1 (   D:3 =


Innate Abilities, Weirdness & Mutations

You have a beak for a mouth.
You have claws for feet.


Message History

The river rat twitches its whiskers.
The river rat bites you.
Things that are here:
a river rat corpse; a river rat corpse The river rat misses you.
The river rat bites you.
The adder hisses angrily.
The river rat barely misses you.
The river rat bites you but does no damage.
The river rat twitches its whiskers.
The river rat barely misses you. The river rat bites you.
The river rat barely misses you. The river rat bites you!
* * * LOW HITPOINT WARNING * * *
Unknown command.
The river rat bites you.
* * * LOW HITPOINT WARNING * * *
A worm comes into view.
The river rat barely misses you.
You hear the quick rusting of a drain.
The river rat closely misses you.
As you read the scroll labelled ETARHE LONI, it crumbles to dust.
It is a scroll of identify.
c - a potion of haste The river rat misses you.
It was a potion of brilliance.
You feel clever all of a sudden. The river rat closely misses you.
Casting: Searing Ray (safe; 1% risk of failure)
Confirm with . or Enter, or press ? or * to list all spells.
Aiming: Searing Ray (safe; 1% risk of failure)
Press: ? - help, Shift-Dir - straight line, f - river rat
Aim: a river rat (81% to hit)
You feel a surge of power!
The searing ray hits the river rat!
The river rat is almost dead.
The searing ray hits the adder!
You kill the adder! (Press . to maintain the ray.)
The river rat bites you!
You die...

##...)..#..........#
#................######
#####.........##...........
#...#####....###.####.####.
#...#####..#####.# #......
#..........# #..# ##..###
#....################..## #
#........###≈# ≈# #...##
#...######@r≈# ≈# #####
#...# #≈#≈##≈
#...######≈#≈#≈≈ #
#........#≈#≈#≈##≈#
########.#w#≈#≈≈≈
#.#≈#≈#≈#### #†#≈#≈≈S†≈≈#
#.########≈# #.≈≈≈≈††≈≈≈#


You could see a worm and a river rat.

Vanquished Creatures
  4 adders
  4 river rats (D:3)
  2 worms (D:2)
  A dart slug (D:1)
  2 bats
  4 endoplasms
  2 giant cockroaches
  4 goblins
  6 hobgoblins
  2 quokkas (D:1)
  6 ball pythons
  4 frilled lizards
  A kobold (D:1)
  8 rats
50 creatures vanquished.

Notes
Turn   | Place    | Note
-------+----------+-------------------------------------------
     0 | D:1      | lordive the Tengu Conjurer began the quest for the Orb.
     0 | D:1      | Reached XP level 1. HP: 10/10 MP: 4/4
   335 | D:1      | Reached XP level 2. HP: 15/15 MP: 1/6
   613 | D:1      | Found Kempeoh's Antique Weapon Emporium.
   645 | D:1      | Reached skill level 6 in Conjurations
   956 | D:1      | Learned a level 2 spell: Searing Ray
  1137 | D:1      | Reached XP level 3. HP: 19/19 MP: 2/7
  1187 | D:1      | Found a faded altar of an unknown god.
  1619 | D:2      | Found a stormy altar of Qazlal.
  2445 | D:3      | Reached skill level 7 in Conjurations
  2445 | D:3      | Reached XP level 4. HP: 24/24 MP: 4/8
  2487 | D:3      | Found Ving's Jewellery Boutique.
  2789 | D:3      | Slain by a river rat

Illustrated notes

Levels and vault maps discovered:
D:1:      kilobyte_arrival_exit_the_forest, layout_basic,
          shapermc_ecumenical_altar_hornbeckon, serial_shops,
          nicolae_shop_competitors_out_of_business, minivault_11,
          minmay_pentomino_r4
D:2:      layout_basic, basic_altar
D:3:      layout_rooms, serial_shops, nicolae_shop_statue_plus,
          lightli_sewer_entry_pipes, minmay_checkerbox

Skill      XL: |  1  2  3 |
---------------+----------+-----
Conjurations   | 6 7 |  7.5
Dodging        | |  2.4
Stealth        | |  2.0
Spellcasting   | |  2.7

Action                   |  1- 3 |  4- 6 || total
-------------------------+-------+-------++-------
Melee: Mace              |       |     1 ||     1
 Cast: Magic Dart        |    77 |     8 ||    85
       Searing Ray       |     2 |     4 ||     6
  Use: Scroll            |       |     1 ||     1
       Potion            |       |     1 ||     1
Armor: Robe              |       |     1 ||     1
Dodge: Dodged            |     2 |    24 ||    26
